 Dungeon Sprint DCSS version 0.17-a0-1648-g0a089d4 (webtiles) character file.

7300000 Kidiri the Conqueror (level 27, -105/323 HPs)
             Began as an Ogre Warper on Aug 12, 2015.
             Was the Champion of Makhleb.
             Annihilated by a sculptor of flesh
             ... wielding a +9 great sword
              (249 damage)
             ... in the Dungeon (Sprint VIII: "Arena of Blood").
             The game lasted 00:03:20 (73 turns).

Kidiri the Conqueror (Ogre Warper)                    Turns: 73, Time: 00:03:20

Health: -105/323   AC:  5    Str: 24    XL:     27
Magic:  19/54      EV: 31    Int: 12    God:    Makhleb [******]
Gold:   0          SH:  0    Dex: 18    Spells: 1 memorised, 79 levels left

rFire  . . .     SeeInvis .     l - +∞ Axe of Woe
rCold  . . .     Clarity  .     b - +0 robe
rNeg   . . .     SustAt   .     (no shield)
rPois  .         Gourm    .     (helmet restricted)
rElec  .         Spirit   .     (no cloak)
rCorr  .         Warding  .     (gloves unavailable)
rMut   .         NoTele   +     (boots unavailable)
MR     ++...                    (no amulet)
Stlth  ++++++....               (no ring)
                                (no ring)

@: very resistant to hostile enchantments, very stealthy
A: unfitting armour, tough skin 1
a: Minor Destruction, Lesser Servant of Makhleb, Major Destruction, Greater
Servant of Makhleb, Renounce Religion


You were in the Dungeon.
You worshipped Makhleb.
Makhleb was exalted by your worship.
You were not hungry.

You visited 1 branch

Inventory:

Hand weapons
 a - a +0 hand axe
 l - the +∞ Axe of Woe (weapon)
   (You found it in the Dungeon)
Missiles
 e - 5 tomahawks of dispersal (quivered)
Armour
 b - a +0 robe (worn)
Scrolls
 d - 2 scrolls of blinking
Potions
 g - a potion of curing
 h - a potion of heal wounds
 i - a potion of haste
 j - 2 potions of magic
 k - a potion of berserk rage
Books
 c - a book of Spatial Translocations

   Spells                             Type                      Level
   a - Apportation                    Translocation                1
   b - Blink                          Translocation                2
   c - Shroud of Golubria             Charms/Translocation         2
   d - Portal Projectile              Translocation                3
   e - Teleport Other                 Translocation                3
   f - Passage of Golubria            Translocation                4
Comestibles
 f - a bread ration


   Skills:
 O Level 27 Fighting
 O Level 27 Axes
 O Level 27 Throwing
 O Level 27 Armour
 O Level 27 Dodging
 O Level 27 Stealth
 O Level 27 Unarmed Combat
 O Level 27 Spellcasting
 O Level 27 Translocations
 O Level 27 Invocations


You had 79 spell levels left.
You knew the following spells:

 Your Spells              Type           Power        Failure   Level  Hunger
a - Apportation           Tloc           ######....   0%          1    None


Dungeon Overview and Level Annotations

Branches:
Dungeon (1/1)

Altars:
Makhleb


Innate Abilities, Weirdness & Mutations

You are too large for most types of armour.
You have tough skin (AC +1).


Message History

You feel better.
You hit the meat berserker.
You butcher the meat berserker messily.
You kill the meat berserker!
Makhleb accepts your kill.
You slash the meat beast!
You fatally mangle the meat beast.
You kill the meat beast!
Makhleb accepts your kill.
You hear a shout! x3
The dread throws hellfire at you.
The hellfire explodes!
The burst of hellfire engulfs you!
You hear a shout! x2
A meat berserker comes into view. It is wielding a +9 battleaxe.
Unknown command.
You hear a shout! x3
The dread calls on the powers of darkness!
Your body is wracked with pain!
The bag of meat convulses!
The bag of meat convulses!
The sculptor of flesh hits you with a +9 great sword!!!!!
Ouch! That really hurt!
You die...

#..... ..#. #.....
###O..#......
#.....###.o%...#.....
#....#...o.......%...
#........#..W.%....§.
#.........#........#.
#..........%.#.....#.
#.....)W))#)§)%%.###.
#...@#)))))))))).....
#...z##.O)))))#....))
#.....#...2.#..%...)#
#=....%###........%.#
#.....##....#......%#
#....#....%...#......
#....#.......%.......
#................###.
......... #.


You could see a sculptor of flesh, a dread, a meat berserker (berserk) and 2
bags of meat.

Vanquished Creatures
  2 hell beasts (D)
  A greater mummy (D)
  2 wraiths (D)
  10 vampire knights (D)
  23 ogres (D)
  A lich (D)
  A hydra (D)
  56 orcs (D)
  5 hill giants (D)
  3 skeletal warriors (D)
  6 large abominations (D)
  6 small abominations (D)
  8 crawling corpses (D)
124 creatures vanquished.

Vanquished Creatures (others)
  3 crawling corpses (D)
3 creatures vanquished.

Grand Total: 127 creatures vanquished

Notes
Turn   | Place    | Note
--------------------------------------------------------------
     0 | D        | Kidiri the Ogre Warper began the quest for the Orb.
     0 | D        | Reached XP level 1. HP: 22/22 MP: 3/3
     4 | D        | Noticed a bag of meat
     4 | D        | Became a worshipper of Makhleb the Destroyer
     6 | D        | Noticed a bag of meat
     6 | D        | Noticed a bag of meat
     6 | D        | Noticed a bag of meat
     6 | D        | Noticed a bag of meat
     7 | D        | Noticed a meat berserker
     8 | D        | Noticed a bag of meat
     8 | D        | Noticed a meat berserker
     8 | D        | Killed a bag of meat
     8 | D        | Reached skill level 15 in Fighting
     8 | D        | Reached skill level 15 in Dodging
     8 | D        | Reached XP level 2. HP: 26/57 MP: 3/9
     8 | D        | Reached XP level 3. HP: 29/65 MP: 3/11
     8 | D        | Reached XP level 4. HP: 33/74 MP: 3/12
     8 | D        | Reached XP level 5. HP: 36/81 MP: 3/14
     8 | D        | Reached XP level 6. HP: 40/91 MP: 3/15
     8 | D        | Reached XP level 7. HP: 43/98 MP: 3/16
     8 | D        | Reached XP level 8. HP: 46/107 MP: 3/17
     8 | D        | Reached XP level 9. HP: 49/115 MP: 3/18
     8 | D        | Reached XP level 10. HP: 52/124 MP: 3/19
     8 | D        | Reached XP level 11. HP: 55/132 MP: 3/20
     8 | D        | Reached XP level 12. HP: 59/143 MP: 3/21
    10 | D        | Killed a meat berserker
    10 | D        | Acquired Makhleb's first power
    10 | D        | Reached skill level 19 in Fighting
    10 | D        | Reached XP level 13. HP: 32/162 MP: 3/25
    10 | D        | Reached XP level 14. HP: 33/172 MP: 3/26
    10 | D        | Killed a bag of meat
    10 | D        | Reached skill level 20 in Fighting
    10 | D        | HP: 2/175 [bag of meat/+9 war axe (32)]
    11 | D        | Noticed a bag of meat
    11 | D        | Killed a bag of meat
    11 | D        | Acquired Makhleb's second power
    11 | D        | Reached skill level 21 in Fighting
    11 | D        | Reached XP level 15. HP: 45/187 MP: 3/28
    11 | D        | Killed a bag of meat
    11 | D        | Reached skill level 22 in Fighting
    12 | D        | Noticed a bag of meat
    12 | D        | Killed a bag of meat
    12 | D        | Acquired Makhleb's third power
    12 | D        | Reached skill level 23 in Dodging
    12 | D        | Reached XP level 16. HP: 36/202 MP: 4/29
    12 | D        | Killed a meat berserker
    12 | D        | Reached skill level 24 in Fighting
    12 | D        | Killed a bag of meat
    12 | D        | Reached skill level 25 in Fighting
    12 | D        | Reached XP level 17. HP: 154/219 MP: 4/31
    15 | D        | Noticed a meat berserker
    16 | D        | Noticed a bag of meat
    16 | D        | Noticed a meat berserker
    17 | D        | Noticed a meat berserker
    17 | D        | Noticed a bag of meat
    18 | D        | Noticed a bag of meat
    18 | D        | Noticed a bag of meat
    18 | D        | Noticed a bag of meat
    18 | D        | Noticed a bag of meat
    18 | D        | Noticed a bag of meat
    18 | D        | Noticed a meat berserker
    19 | D        | Noticed a bag of meat
    19 | D        | Noticed a bag of meat
    19 | D        | Killed a meat berserker
    19 | D        | Acquired Makhleb's fourth power
    19 | D        | Reached skill level 26 in Fighting
    20 | D        | Noticed a meat berserker
    20 | D        | Noticed a meat berserker
    20 | D        | Killed a meat berserker
    20 | D        | Reached skill level 27 in Fighting
    20 | D        | Reached skill level 27 in Dodging
    20 | D        | Reached XP level 18. HP: 195/236 MP: 5/34
    21 | D        | Noticed a bag of meat
    21 | D        | Noticed a bag of meat
    21 | D        | Noticed a bag of meat
    21 | D        | Noticed a bag of meat
    21 | D        | Killed a meat berserker
    21 | D        | Acquired Makhleb's fifth power
    21 | D        | Reached skill level 27 in Axes
    21 | D        | Reached skill level 27 in Invocations
    21 | D        | Killed a bag of meat
    21 | D        | Reached skill level 10 in Throwing
    21 | D        | Reached XP level 19. HP: 230/245 MP: 5/36
    21 | D        | Noticed a large bag of meat
    22 | D        | Noticed a bag of meat
    22 | D        | Noticed a destroyer
    22 | D        | Noticed a large bag of meat
    22 | D        | Noticed a large bag of meat
    22 | D        | Killed a meat berserker
    22 | D        | Noticed a bag of meat
    23 | D        | Killed a bag of meat
    23 | D        | Reached skill level 15 in Stealth
    23 | D        | Killed a bag of meat
    23 | D        | Reached skill level 15 in Armour
    23 | D        | Killed a bag of meat
    23 | D        | Reached XP level 20. HP: 256/256 MP: 6/37
    24 | D        | Noticed a bag of meat
    24 | D        | Killed a bag of meat
    24 | D        | Killed a meat berserker
    25 | D        | Noticed a bag of meat
    25 | D        | Noticed a destroyer
    25 | D        | Noticed a meat berserker
    25 | D        | Killed a bag of meat
    25 | D        | Reached XP level 21. HP: 265/265 MP: 6/38
    25 | D        | Killed a meat berserker
    25 | D        | Reached skill level 27 in Throwing
    25 | D        | Killed a bag of meat
    25 | D        | Killed a bag of meat
    26 | D        | Noticed a bag of meat
    26 | D        | Killed a large bag of meat
    26 | D        | Reached skill level 27 in Stealth
    26 | D        | Killed a bag of meat
    26 | D        | Reached XP level 22. HP: 275/275 MP: 6/39
    27 | D        | Noticed a bag of meat
    27 | D        | Noticed a bag of meat
    27 | D        | Noticed a bag of meat
    27 | D        | Noticed a bag of meat
    27 | D        | Noticed a bag of meat
    27 | D        | Noticed a destroyer
    28 | D        | Noticed a meat berserker
    28 | D        | Noticed a meat berserker
    28 | D        | Killed a bag of meat
    28 | D        | Reached skill level 27 in Armour
    28 | D        | Killed a bag of meat
    28 | D        | Reached skill level 10 in Unarmed Combat
    29 | D        | Noticed a meat berserker
    29 | D        | Noticed a destroyer
    29 | D        | Killed a bag of meat
    29 | D        | Reached skill level 15 in Spellcasting
    29 | D        | Killed a bag of meat
    29 | D        | Killed a destroyer
    29 | D        | Reached XP level 23. HP: 284/284 MP: 7/48
    29 | D        | Killed a bag of meat
    29 | D        | Killed a bag of meat
    30 | D        | Killed a large bag of meat
    30 | D        | Noticed an eight-headed meat hydra
    31 | D        | Noticed a bag of meat
    31 | D        | Noticed a bag of meat
    31 | D        | Noticed a large bag of meat
    31 | D        | Noticed a bag of meat
    31 | D        | Noticed a destroyer
    32 | D        | Killed a destroyer
    32 | D        | Reached skill level 27 in Spellcasting
    32 | D        | Killed a meat berserker
    32 | D        | Reached XP level 24. HP: 295/295 MP: 8/54
    32 | D        | Killed a bag of meat
    32 | D        | Reached skill level 27 in Unarmed Combat
    32 | D        | Killed a meat berserker
    32 | D        | Killed a bag of meat
    32 | D        | Reached skill level 27 in Translocations
    32 | D        | Killed a large bag of meat
    33 | D        | Noticed a bag of meat
    33 | D        | Noticed a destroyer
    33 | D        | Noticed a destroyer
    33 | D        | Killed a meat berserker
    33 | D        | Reached XP level 25. HP: 304/304 MP: 8/54
    33 | D        | Killed a bag of meat
    34 | D        | Noticed a bag of meat
    34 | D        | Noticed a meat berserker
    34 | D        | Noticed a meat berserker
    34 | D        | Noticed a bag of meat
    35 | D        | Noticed a meat berserker
    35 | D        | Noticed a bag of meat
    35 | D        | Noticed a bag of meat
    35 | D        | Killed a bag of meat
    35 | D        | Killed a meat berserker
    35 | D        | Killed a bag of meat
    35 | D        | Killed a bag of meat
    35 | D        | Killed a bag of meat
    35 | D        | Reached XP level 26. HP: 314/314 MP: 9/54
    35 | D        | Killed a bag of meat
    36 | D        | Noticed a bag of meat
    36 | D        | Noticed a meat berserker
    36 | D        | Killed a nine-headed meat hydra
    36 | D        | Killed a bag of meat
    37 | D        | Noticed a sculptor of flesh
    37 | D        | Noticed a bag of meat
    37 | D        | Killed a bag of meat
    38 | D        | Noticed a bag of meat
    38 | D        | Noticed a large bag of meat
    38 | D        | Killed a bag of meat
    38 | D        | Killed a bag of meat
    39 | D        | Noticed a bag of meat
    39 | D        | Noticed a bag of meat
    39 | D        | Killed a bag of meat
    39 | D        | Reached XP level 27. HP: 323/323 MP: 10/54
    39 | D        | Killed a meat berserker
    39 | D        | Noticed a destroyer
    40 | D        | Noticed a destroyer
    40 | D        | Killed a destroyer
    40 | D        | Killed a destroyer
    40 | D        | Killed a destroyer
    41 | D        | Killed a meat berserker
    42 | D        | Killed a meat berserker
    42 | D        | Killed a large bag of meat
    43 | D        | Noticed a bag of meat
    43 | D        | Noticed a bag of meat
    43 | D        | Noticed a bag of meat
    43 | D        | Noticed a bag of meat
    43 | D        | Noticed a bag of meat
    44 | D        | Noticed a bag of meat
    44 | D        | Noticed a meat berserker
    44 | D        | Killed a meat berserker
    44 | D        | Killed a destroyer
    44 | D        | Killed a bag of meat
    44 | D        | Killed a bag of meat
    45 | D        | Killed a bag of meat
    45 | D        | Killed a bag of meat
    45 | D        | Killed a bag of meat
    46 | D        | Noticed an accursed
    46 | D        | Noticed a meat berserker
    46 | D        | Killed a bag of meat
    46 | D        | Killed a bag of meat
    47 | D        | Noticed a bag of meat
    47 | D        | Killed a bag of meat
    47 | D        | Killed a bag of meat
    47 | D        | Killed a destroyer
    48 | D        | Noticed a sculptor of flesh
    48 | D        | Noticed a meat berserker
    48 | D        | Noticed a sculptor of flesh
    49 | D        | Noticed a bag of meat
    49 | D        | Killed a large bag of meat
    49 | D        | Killed a bag of meat
    49 | D        | Killed a destroyer
    49 | D        | Killed a bag of meat
    49 | D        | Killed a bag of meat
    49 | D        | Killed a meat berserker
    50 | D        | Noticed a bag of meat
    50 | D        | Noticed a meat berserker
    50 | D        | Noticed a bag of meat
    51 | D        | Noticed a tyrant
    51 | D        | Noticed a bag of meat
    51 | D        | Killed a bag of meat
    51 | D        | Killed a bag of meat
    52 | D        | Killed a bag of meat
    52 | D        | Killed a destroyer
    53 | D        | Noticed a meat berserker
    53 | D        | Killed a meat berserker
    53 | D        | Killed a meat berserker
    54 | D        | Noticed a destroyer
    54 | D        | Killed a bag of meat
    54 | D        | Killed a meat berserker
    55 | D        | Noticed a meat berserker
    55 | D        | Killed a bag of meat
    57 | D        | Killed a meat berserker
    58 | D        | Killed an accursed
    59 | D        | Killed a sculptor of flesh
    60 | D        | Killed a bag of meat
    60 | D        | Killed a bag of meat
    61 | D        | Killed a destroyer
    63 | D        | Killed a sculptor of flesh
    63 | D        | Killed a sculptor of flesh
    64 | D        | Killed a tyrant
    64 | D        | Killed a meat berserker
    65 | D        | Noticed a meat berserker
    65 | D        | Noticed a dread
    65 | D        | Noticed a bag of meat
    67 | D        | Noticed a dread
    67 | D        | Noticed a sculptor of flesh
    68 | D        | Noticed a meat beast
    68 | D        | Noticed a dread
    68 | D        | Noticed a meat beast
    68 | D        | Killed a bag of meat
    68 | D        | Killed a bag of meat
    69 | D        | Noticed a bag of meat
    69 | D        | Noticed a meat berserker
    69 | D        | Killed a bag of meat
    69 | D        | Noticed a bag of meat
    70 | D        | Killed a dread
    71 | D        | Noticed a dread
    71 | D        | Killed a dread
    72 | D        | Noticed a meat beast
    72 | D        | Killed a meat beast
    72 | D        | Killed a meat berserker
    72 | D        | Killed a meat beast
    73 | D        | Noticed a meat berserker
    73 | D        | Annihilated by a sculptor of flesh

Vault maps used:
D:        meatsprint

Action                   |  1- 3 |  4- 6 |  7- 9 | 10-12 | 13-15 | 16-18 | 19-21 | 22-24 | 25-27 || total
-------------------------+-------+-------+-------+-------+-------+-------+-------+-------+-------++-------
Melee: Executioner's axe |     1 |       |       |     1 |     2 |     3 |     5 |     5 |    32 ||    49
